 Dungeon Crawl Stone Soup version 0.29-a0-923-g6e406bff71 (webtiles) character file.

Game seed: 5261592127117985620

19853 Plasmagod the Eclecticist (level 12, -3/58 (60) HPs)
             Began as a Deep Elf Conjurer on July 28, 2022.
             Was an Elder of Vehumet.
             Killed by drain life
             ... invoked by a soul eater
             ... summoned by Frances
              (11 damage)
             ... on level 13 of the Dungeon.
             The game lasted 01:04:56 (15539 turns).

Plasmagod the Eclecticist (Deep Elf Conjurer)      Turns: 15539, Time: 01:04:56

HP:   -3/58 (60)    AC:  9    Str:  4    XL:     12   Next: 40%
MP:   19/33         EV: 11    Int: 35    God:    Vehumet [****..]
Gold: 1026          SH:  8    Dex: 13    Spells: 10/41 levels left

rFire   . . .      SeeInvis +   G - staff of air
rCold   . . .      Faith    .   F - +0 kite shield
rNeg    . . .      Spirit   .   O - +0 troll leather armour
rPois   .          Reflect  .   z - +0 helmet
rElec   +          Harm     .   K - +0 cloak
rCorr   .          Rampage  .   g - +0 pair of gloves
Will    +....                   n - +1 pair of boots
Stlth   +++.......              R - amulet of magic regeneration
HPRegen 0.99/turn               c - +6 ring of intelligence
MPRegen 0.63/turn               M - ring of see invisible

@: lightly drained
A: no striking features
a: Renounce Religion


You were on level 13 of the Dungeon.
You worshipped Vehumet.
Vehumet was greatly pleased with you.
You visited 2 branches of the dungeon, and saw 14 of its levels.
You also visited: Sewer.

You collected 1026 gold pieces.

Inventory:

Hand Weapons
 A - the +7 Throatcutter {drain, coup de grace}
   (You found it on level 4 of the Dungeon)

   A truly terrible weapon, it drains the life of any living foe it strikes.
   It may instantly kill foes which have little health.
Armour
 a - a +0 robe
 g - a +0 pair of gloves (worn)
 n - a +1 pair of boots (worn)
 z - a +0 helmet (worn)
 F - a +0 kite shield (worn)
 K - a +0 cloak (worn)
 O - a +0 troll leather armour (worn)
Magical Staves
 G - a staff of air (weapon)
Jewellery
 c - a +6 ring of intelligence (left hand)
 t - a ring of fire
 B - an amulet of guardian spirit
 D - an amulet of regeneration
 L - an amulet of the acrobat
 M - a ring of see invisible (right hand)
 R - an amulet of magic regeneration (around neck)
Wands
 k - a wand of mindburst (19)
 l - a wand of iceblast (10)
 r - a wand of polymorph (37)
 I - a wand of paralysis (9)
 N - a wand of light (7)
 P - a wand of flame (9)
Scrolls
 e - 3 scrolls of teleportation
 h - a scroll of fear
 i - 3 scrolls of enchant weapon
 m - 3 scrolls of magic mapping
 q - 3 scrolls of blinking
 v - 4 scrolls of summoning
 w - a scroll of butterflies
 y - 2 scrolls of immolation
 J - a scroll of identify
 Q - a scroll of amnesia
Potions
 b - 3 potions of magic
 d - 3 potions of brilliance
 f - a potion of haste
 j - a potion of cancellation {unknown}
 o - a potion of resistance
 p - a potion of mutation
 s - 2 potions of flight
 u - 2 potions of heal wounds
 x - 9 potions of curing
 C - a potion of degeneration {unknown}
 E - 4 potions of attraction
 H - a potion of might {unknown}


   Skills:
 + Level 0.8 Fighting
 + Level 1.4 Long Blades
 + Level 1.7 Armour
 + Level 5.5 Dodging
 + Level 5.7 Stealth
 * Level 2.3 Shields
 + Level 15.2 Spellcasting
 + Level 12.0 Conjurations
 + Level 6.9 Hexes
 + Level 6.4 Summonings
 + Level 3.4 Translocations
 + Level 0.2 Fire Magic
 + Level 7.8 Air Magic


You had 10 spell levels left.
You knew the following spells:

 Your Spells              Type           Power      Damage    Failure   Level
a - Magic Dart            Conj           100%       1d8       1%          1
b - Searing Ray           Conj           100%       2d8       1%          2
c - Call Canine Familiar  Summ           64%        N/A       1%          3
d - Fulminant Prism       Conj/Hex       37%        3d18      1%          4
e - Iskenderun's Mystic   Conj/Tloc      69%        2d14      1%          4
f - Summon Guardian Gole  Hex/Summ       65%        N/A       1%          3
g - Airstrike             Air            44%        0-14+     1%          4
h - Inner Flame           Hex/Fire       51%        N/A       1%          3
i - Summon Lightning Spi  Summ/Air       86%        N/A       4%          4
j - Mephitic Cloud        Conj/Pois/Air  83%        N/A       1%          3

Your spell library contained the following spells:

 Spells                   Type           Power      Damage    Failure   Level
 Stone Arrow              Conj/Erth      100%       3d13      1%          3
 Summon Small Mammal      Summ           100%       N/A       1%          1
 Dazzling Flash           Conj/Hex       100%       N/A       1%          3
 Lightning Bolt           Conj/Air       49%        1d69      1%          5
 Blink                    Tloc           100%       N/A       3%          2
 Gell's Gravitas          Tloc           50%        N/A       6%          3
 Lesser Beckoning         Tloc           50%        N/A       6%          3
 Teleport Other           Tloc           50%        N/A       6%          3
 Summon Mana Viper        Hex/Summ       65%        N/A       14%         5
 Summon Ice Beast         Ice/Summ       49%        N/A       22%         4
 Starburst                Conj/Fire      31%        6d9       26%         6
 Manifold Assault         Tloc           50%        N/A       50%         5
 Dispersal                Tloc           25%        N/A       97%         6
 Monstrous Menagerie      Summ           32%        N/A       99%         7
 Storm Form               Tmut/Air       34%        N/A       100%        7
 Disjunction              Tloc           25%        N/A       100%        8


Dungeon Overview and Level Annotations

Branches:
Dungeon (13/15)            Temple (1/1) D:5            Lair (0/5) D:9
    Orc (0/2) D:11          Sewer (visited)
 Vaults: D:13-14

Altars:
Ashenzari
Cheibriados
Dithmenos
Elyvilon
Fedhas
Gozag
Hepliaklqana
Kikubaaqudgha
Makhleb
Nemelex Xobeh
Okawaru
Qazlal
Ru
Sif Muna
Trog
Uskayaw
Vehumet
Wu Jian
Xom
Yredelemnul
Zin
The Shining One

Shops:
D:8 ?

Annotations:
D:10 1 runed translucent door, nubinia's ghost, journeyman TeVM
D:13 Frances


Message History

The ufetubus hits your warg. The ufetubus barely misses your warg.
Your warg bites the ufetubus!
The ufetubus dies!
The ufetubus disappears in a puff of smoke!
The soul eater draws from the surrounding life force!
The searing ray hits the soul eater but does no damage.
The searing ray hits the ufetubus.
The ufetubus is almost dead.
Your warg bites the ufetubus.
The ufetubus dies!
The ufetubus disappears in a puff of smoke!
You block the soul eater's attack.
Unknown command.
Casting: Searing Ray (safe; 1% risk of failure)
Confirm with . or Enter, or press ? or * to list all spells.
Aiming: Airstrike (dangerous; 1% risk of failure)
Press: ? - help, Dir - move target, f - soul eater
Aim: a soul eater (summoned, ally target, empty space bonus: 2/8)
You feel a surge of power!
The air twists around and strikes the soul eater.
The soul eater is lightly wounded.
The soul eater hits you!
Your warg bites the soul eater.
The soul eater attacks as you move away!
The soul eater hits you!
You feel drained.
Your warg bites the soul eater!
The ynoxinul barely misses your warg.
Casting: Airstrike (dangerous; 1% risk of failure)
Confirm with . or Enter, or press ? or * to list all spells.
A guardian golem appears, shielding your allies.
The soul eater draws from the surrounding life force!
* * * LOW HITPOINT WARNING * * *
The soul eater is healed.
The ynoxinul gestures.
Your warg bites the soul eater but does no damage.
You feel much better. The soul eater hits you!!
* * * LOW HITPOINT WARNING * * *
Your warg cocks its head sideways at you.
Your warg bites the soul eater but does no damage.
Your warg bites the soul eater but does no damage.
The soul eater draws from the surrounding life force!
You die...

#... #.# #... #.#
#.......## #.#
##........# #.#
##.........###.#####
#? ..........##.9.....
#. #....°..55h:.8.###
#.##....5..#.#3.@...#
...#.....#...#.#.##.##
...#....###..#.#.....#
...##....#.#.#.####..#
......)##..#.#.####..#
.............#.......#
.............#######.#
...###.......# #.#
....##....<..# #.#


You could see a soul eater (summoned, ally target), 2 ufetubi, a friendly
guardian golem (summoned), a friendly warg (summoned, sheltered) and a friendly
lightning spire (summoned, sheltered).

Vanquished Creatures
  Snorg (D:12)
  2 hydras
  A two-headed ogre (D:8)
  3 skeletal warriors (D:11)
  Pikel (D:8)
  An unseen horror (D:11)
  A gargoyle (D:12)
  A komodo dragon (D:11)
  4 trolls
  A hornet (shapeshifter) (D:13)
  2 wyverns
  Sigmund (D:4)
  A wraith (D:12)
  2 steam dragons
  8 yaks
  6 vampire mosquitoes
  Menkaure (D:4)
  4 water moccasins
  Pargi (Sewer)
  8 orc warriors
  2 black bears (D:6)
  2 ice beasts
  4 sky beasts
  8 centaurs
  2 ogres
  A phantom (D:4)
  5 kobold brigands
  3 lemures (D:8)
  2 bullfrogs
  A gnoll sergeant (D:9)
  A necrophage (D:6)
  4 scorpions
  12 wights (D:8)
  4 killer bees (D:9)
  3 howler monkeys
  7 hounds
  2 jellies
  9 orc priests
  3 iguanas
  Ijyb (D:4)
  16 orc wizards
  4 gnolls (D:9)
  7 adders
  3 shadow imps
  An ufetubus (D:6)
  3 worms (D:3)
  2 dart slugs
  42 orcs
  10 ball pythons
  4 endoplasms
  5 giant cockroaches (D:4)
  8 hobgoblins
  39 kobolds
  8 quokkas
  2 bats (D:1)
  6 frilled lizards
  6 goblins
  3 rats (D:1)
295 creatures vanquished.

Vanquished Creatures (collateral kills)
  A centaur warrior (D:13)
  2 skeletal warriors (D:11)
  An ugly thing (D:13)
  3 cyclopes
  5 yaks
  2 vampire mosquitoes (D:12)
  An orc warrior (D:11)
  2 orcs (D:11)
  3 kobolds (D:10)
20 creatures vanquished.

Vanquished Creatures (others)
  A wizard (D:10)
  3 vampire mosquitoes (D:11)
  A centaur (D:5)
  26 fulminant prisms
31 creatures vanquished.

Grand Total: 346 creatures vanquished

Notes
Turn   | Place    | Note
-------+----------+-------------------------------------------
     0 | D:1      | Plasmagod the Deep Elf Conjurer began the quest for the
                  | Orb.
     0 | D:1      | Reached XP level 1. HP: 10/10 MP: 6/6
   274 | D:1      | Reached XP level 2. HP: 15/15 MP: 6/8
   378 | D:1      | Reached skill level 5 in Conjurations
   591 | D:1      | Learned a level 2 spell: Searing Ray
   733 | D:1      | Reached XP level 3. HP: 14/19 MP: 5/9
  1439 | D:2      | Found a faded altar of an unknown god.
  1818 | D:3      | Noticed a water moccasin
  1824 | D:3      | Killed a water moccasin
  1825 | D:3      | Reached skill level 4 in Spellcasting
  1825 | D:3      | Reached skill level 1 in Summonings
  1825 | D:3      | Reached XP level 4. HP: 24/24 MP: 3/12
  1825 | D:3      | Reached XP level 5. HP: 28/28 MP: 3/13
  1829 | D:3      | Learned a level 3 spell: Call Canine Familiar
  2059 | D:3      | Found a shadowy altar of Dithmenos.
  2695 | D:3      | Noticed a sky beast
  2702 | D:3      | Killed a sky beast
  2703 | D:3      | Reached skill level 5 in Spellcasting
  2703 | D:3      | Reached XP level 6. HP: 32/32 MP: 8/16
  3037 | D:4      | Noticed Menkaure
  3042 | D:4      | Killed Menkaure
  3043 | D:4      | Reached skill level 6 in Spellcasting
  3043 | D:4      | Reached XP level 7. HP: 31/36 MP: 10/18
  3061 | D:4      | Noticed Ijyb
  3067 | D:4      | Killed Ijyb
  3437 | D:4      | Found a glowing drain.
  3451 | Sewer    | Entered a sewer
  3557 | Sewer    | Noticed Pargi
  3566 | Sewer    | Killed Pargi
  3567 | Sewer    | Reached skill level 7 in Spellcasting
  4118 | D:4      | Noticed Sigmund
  4341 | D:4      | Killed Sigmund
  4342 | D:4      | Reached skill level 8 in Spellcasting
  4342 | D:4      | Reached XP level 8. HP: 35/41 MP: 13/22
  4399 | D:4      | Found the +7 Throatcutter {drain, coup de grace}
  4711 | D:5      | Entered Level 5 of the Dungeon
  5442 | D:5      | Found a staircase to the Ecumenical Temple.
  5454 | Temple   | Entered the Ecumenical Temple
  5500 | Temple   | Became a worshipper of Vehumet
  5585 | D:5      | Learned a level 4 spell: Fulminant Prism
  5590 | D:5      | Learned a level 4 spell: Iskenderun's Mystic Blast
  5594 | D:5      | Learned a level 3 spell: Summon Guardian Golem
  5679 | D:5      | Reached skill level 9 in Spellcasting
  5704 | D:5      | Found a broken altar of Ashenzari.
  6079 | D:6      | Reached skill level 5 in Summonings
  6283 | D:6      | Reached XP level 9. HP: 45/45 MP: 16/24
  6380 | D:6      | Reached skill level 10 in Spellcasting
  6593 | D:6      | Reached skill level 1 in Hexes
  7390 | D:7      | Reached skill level 1 in Long Blades
  7439 | D:7      | Reached * piety under Vehumet
  7439 | D:7      | Offered knowledge of Shock by Vehumet.
  7808 | D:7      | Reached skill level 11 in Spellcasting
  8105 | D:7      | Reached skill level 10 in Conjurations
  8662 | D:8      | Found Ziwyqiyve's Magic Scroll Shop.
  8766 | D:8      | Reached skill level 5 in Stealth
  8834 | D:8      | Reached skill level 1 in Air Magic
  8954 | D:8      | Reached XP level 10. HP: 50/50 MP: 19/27
  9046 | D:8      | Noticed a two-headed ogre
  9055 | D:8      | Killed a two-headed ogre
  9233 | D:8      | Offered knowledge of Foxfire by Vehumet.
  9466 | D:8      | Noticed Pikel
  9475 | D:8      | Killed Pikel
  9475 | D:8      | Reached ** piety under Vehumet
  9476 | D:8      | Reached skill level 1 in Translocations
  9601 | D:8      | Reached skill level 12 in Spellcasting
 10184 | D:8      | Learned a level 4 spell: Airstrike
 10452 | D:9      | Found a staircase to the Lair.
 10460 | D:9      | You fall into a shaft and drop 1 floor!
 10460 | D:10     | Entered Level 10 of the Dungeon
 10522 | D:9      | Found a glowing silver altar of Zin.
 10842 | D:9      | Offered knowledge of Inner Flame by Vehumet.
 10847 | D:9      | Learned a level 3 spell: Inner Flame
 11100 | D:9      | Reached skill level 5 in Hexes
 11229 | D:9      | Reached skill level 5 in Dodging
 11626 | D:10     | Reached *** piety under Vehumet
 11867 | D:10     | Noticed nubinia's ghost (journeyman TeVM)
 11869 | D:10     | Found a runed translucent door.
 11898 | D:10     | Learned a level 4 spell: Summon Lightning Spire
 12138 | D:10     | Reached XP level 11. HP: 55/55 MP: 23/29
 12309 | D:10     | Found a bloodstained altar of Trog.
 12311 | D:10     | Noticed a wizard
 12316 | D:10     | Killed a wizard
 12442 | D:10     | Found a shimmering altar of Xom.
 12442 | D:10     | Found an opulent altar of Gozag.
 12586 | D:11     | Noticed a four-headed hydra
 12598 | D:11     | Killed a four-headed hydra
 12660 | D:11     | Reached skill level 13 in Spellcasting
 12778 | D:11     | Offered knowledge of Mephitic Cloud by Vehumet.
 12802 | D:11     | Reached skill level 1 in Armour
 12802 | D:11     | Reached skill level 5 in Air Magic
 12959 | D:11     | Found a staircase to the Orcish Mines.
 13437 | D:11     | Noticed a skeletal warrior
 13437 | D:11     | Noticed a skeletal warrior
 13438 | D:11     | Noticed a skeletal warrior
 13438 | D:11     | Noticed a skeletal warrior
 13438 | D:11     | Noticed a skeletal warrior
 13449 | D:11     | Killed a skeletal warrior
 13454 | D:11     | Reached **** piety under Vehumet
 13680 | D:11     | Killed a skeletal warrior
 13792 | D:11     | Killed a skeletal warrior
 13797 | D:11     | Killed a skeletal warrior
 13798 | D:11     | Reached skill level 14 in Spellcasting
 13798 | D:11     | Killed a skeletal warrior
 14015 | D:11     | Learned a level 3 spell: Mephitic Cloud
 14184 | D:12     | Reached skill level 1 in Shields
 14184 | D:12     | Reached XP level 12. HP: 50/60 MP: 27/32
 14320 | D:12     | Offered knowledge of Stone Arrow by Vehumet.
 14604 | D:12     | Noticed an eight-headed hydra
 14615 | D:12     | Killed an eight-headed hydra
 15081 | D:12     | Noticed Snorg
 15096 | D:12     | Killed Snorg
 15097 | D:12     | Reached skill level 15 in Spellcasting
 15426 | D:13     | Noticed a centaur warrior
 15432 | D:13     | Killed a centaur warrior
 15526 | D:13     | Noticed Frances
 15539 | D:13     | Killed from afar by a soul eater

Illustrated notes

Levels and vault maps discovered:
D:1:      dpeg_arrival_orchard, layout_basic, nicolae_kite_square_tiling_tiny,
          chequers_serial_rivers_micro_b, minmay_pentomino_z4
D:2:      layout_rooms, hellmonk_ecumenical_altar_arch_garden
D:3:      layout_basic, lemuel_doored_altar, grunt_decor_arrowhead
D:4:      layout_basic, gup_sewer_entry_pipe, minmay_misc_feat_rugged,
          dilly_guarded_unrand_throatcut, uniq_sigmund, uniq_menkaure, uniq_ijyb
D:5:      layout_basic, grunt_ashenzari_visionary
          [grunt_ashenzari_visionary_swamp, grunt_ashenzari_visionary_snake],
          minmay_temple_entry_offerings
D:6:      layout_rooms, chequers_serial_rivers_micro_b
D:7:      layout_basic, dk_vineyard_1, chequers_serial_rivers_small_b
D:8:      layout_basic, serial_co_window_serial, co_window_paths_a,
          co_window_of_opportunity_a, co_window_corner_a, co_window_paths_a,
          co_window_paths_b, co_window_paths_a, co_window_broadway_b,
          co_window_2corner, co_window_corner_ca, co_window_corner_cb,
          co_window_paths_d, co_window_4corner_a, serial_shops, shop,
          hangedman_decor_push, uniq_pikel
D:9:      layout_basic, nicolae_overflow_hidden_temple, lair_entry_dummy,
          nicolae_concentric_dashed_squares_mild
D:10:     layout_rooms, trog_wizard, amethyst_overflow_temple_binary,
          hellmonk_ghost_happy_afterlife
D:11:     layout_roguey, david_orc_4
D:12:     layout_irregular_city, uniq_snorg
D:13:     layout_loops_cross, dk_noncrumbling_3, uniq_frances, uniq_lodul
Temple:   kb_temple_of_zot

Skill      XL: |  1  2  3  4  5  6  7  8  9 10 11 12 |
---------------+-------------------------------------+-----
Conjurations   | 5 6 7 8 10 11 12 | 12.0
Stealth        | 3 4 5 |  5.7
Spellcasting   | 4 5 6 8 9 11 12 14 15 | 15.2
Summonings     | 1 2 4 5 6 |  6.4
Dodging        | 3 4 5 |  5.5
Hexes          | 3 5 6 |  6.9
Long Blades    | 1 |  1.4
Air Magic      | 1 4 7 |  7.8
Translocations | 2 3 |  3.4
Armour         | 1 |  1.7
Shields        | 1 2 |  2.3
Fighting       | |  0.8
Fire Magic     | |  0.2

Action                   |  1- 3 |  4- 6 |  7- 9 | 10-12 || total
-------------------------+-------+-------+-------+-------++-------
Melee: Long sword        |       |       |     5 |     5 ||    10
       Staff             |       |       |       |     1 ||     1
 Cast: Magic Dart        |    72 |    48 |   159 |    49 ||   328
       Searing Ray       |     2 |     8 |    51 |    43 ||   104
       Summon Guardian G |       |       |     1 |    21 ||    22
       Fulminant Prism   |       |       |     9 |    17 ||    26
       Iskenderun's Myst |       |       |     5 |    39 ||    44
       Airstrike         |       |       |       |    47 ||    47
       Summon Lightning  |       |       |       |    15 ||    15
       Inner Flame       |       |       |       |     5 ||     5
       Call Canine Famil |       |       |       |     9 ||     9
       Mephitic Cloud    |       |       |       |     1 ||     1
Evoke: Wand              |       |       |       |     1 ||     1
  Use: Scroll            |       |       |    18 |     4 ||    22
       Potion            |       |       |       |     2 ||     2
Armor: Robe              |     2 |     1 |    16 |    10 ||    29
       Troll leather arm |       |       |       |     9 ||     9
Dodge: Dodged            |     8 |     8 |    35 |    71 ||   122
Block: Kite shield       |       |       |       |     4 ||     4

Table legend: (Time is in decaauts)
 A = Elapsed time spent in this place.
 B = Non-inter-level travel time spent in this place.
 C = Inter-level travel time spent in this place.
 D = Time resting spent in this place.
 E = Time spent auto-exploring this place.
 F = Levels seen in this place.
 G = Mean time per level.
                   A        B        C        D        E       F      G
               +--------+--------+--------+--------+--------+-----+--------+
         Total |  15580 |  15186 |    394 |   2397 |  10713 |  15 | 1038.7 |
       Dungeon |  15113 |  14734 |    379 |   2397 |  10332 |  13 | 1162.5 |
        Temple |    118 |    103 |     15 |      0 |     84 |   1 |  118.0 |
         Sewer |    348 |    348 |      0 |      0 |    296 |   1 |  348.0 |
               +--------+--------+--------+--------+--------+-----+--------+

Top non-repeatable levels by time:
     D:8: 1706 daAuts
     D:4: 1509 daAuts
     D:7: 1429 daAuts
    D:11: 1395 daAuts
    D:12: 1385 daAuts
     D:6: 1252 daAuts
     D:3: 1231 daAuts
     D:9: 1215 daAuts
     D:5: 1138 daAuts
    D:10: 1054 daAuts
     D:1: 959 daAuts
     D:2: 698 daAuts
   Sewer: 348 daAuts
    D:13: 137 daAuts
  Temple: 118 daAuts
